 Dungeon Crawl Stone Soup version 0.28-a0-1624-g820543e53a (webtiles) character file.

Game seed: 10604259145943794692

75 Snarg the Covered (level 3, 0/28 HPs)
             Began as a Demigod Wanderer on Jan 24, 2022.
             Slain by a worm (9 damage)
             ... on level 2 of the Dungeon.
             The game lasted 00:11:43 (3723 turns).

Snarg the Covered (Demigod Wanderer)                Turns: 3723, Time: 00:11:43

Health: 0/28       AC:  7    Str: 17    XL:     3   Next: 88%
Magic:  7/7        EV: 10    Int: 15    God:
Gold:   65         SH:  0    Dex: 12    Spells: 0/4 levels left

rFire   . . .      SeeInvis .   d - +0 dagger
rCold   . . .      Faith    .   (no shield)
rNeg    . . .      Spirit   .   o - +0 ring mail
rPois   .          Reflect  .   (no helmet)
rElec   .          Harm     .   j - +0 cloak
rCorr   .          Rampage  .   (no gloves)
Will    .....                   (no boots)
Stlth   +.........              (no amulet)
HPRegen 0.09/turn               (no ring)
MPRegen 0.10/turn               (no ring)

@: no status effects
A: high mp 1, forlorn, divine attributes
a: no special abilities


You were on level 2 of the Dungeon.
You visited 1 branch of the dungeon, and saw 3 of its levels.

You collected 65 gold pieces.

Inventory:

Hand Weapons
 a - a +0 club
 d - a +0 dagger (weapon)
 e - a +0 short sword
Armour
 c - a +0 chain mail
 j - a +0 cloak (worn)
 o - a +0 ring mail (worn)
Jewellery
 q - a ring of fire
Scrolls
 f - 3 scrolls of identify {unknown}
 i - a scroll of amnesia {unknown}
 n - a scroll of holy word {unknown}
Potions
 b - a potion of attraction
 g - a potion of haste {unknown}
 k - a potion of heal wounds {unknown}
 l - a potion of flight {unknown}
 m - a potion of curing
 r - a potion of berserk rage {unknown}


   Skills:
 * Level 1.1 Fighting
 + Level 1.7 Throwing
 - Level 4.2 Armour
 + Level 1.0 Stealth
 * Level 1.4 Spellcasting
 * Level 2.2 Ice Magic
 + Level 1.0 Evocations


You couldn't memorise any spells.
You knew the following spells:

 Your Spells              Type           Power      Damage    Failure   Level
a - Freeze                Ice            28%        1d5       16%         1
b - Frozen Ramparts       Ice            14%        1d3       43%         3

Your spell library contained the following spells:

 Spells                   Type           Power      Damage    Failure   Level


Dungeon Overview and Level Annotations

Branches:
Dungeon (3/15)

Annotations:
D:1 clr
D:2 Sigmund


Innate Abilities, Weirdness & Mutations

You have an increased reservoir of magic. (+10% MP)
You shall have no god before yourself.
Your divine heritage dramatically boosts your attributes as you level up.


Message History

The worm is moderately wounded.
There is an open door here.
You throw a poisoned dart. The poisoned dart hits the worm.
The worm is poisoned.
The worm is moderately wounded.
You throw a poisoned dart.
The poisoned dart barely misses the worm.
You throw a poisoned dart. The poisoned dart hits the worm.
The worm is moderately wounded.
The worm looks more healthy.
You throw a poisoned dart.
The poisoned dart barely misses the worm.
You throw a poisoned dart. The poisoned dart hits the worm.
The worm is poisoned.
The worm is moderately wounded.
You hit the worm.
The worm is heavily wounded.
The worm bites you!
You barely miss the worm.
The worm is heavily wounded.
You hit the worm.
The worm is heavily wounded.
The worm bites you.
You hit the worm.
The worm is severely wounded.
The worm bites you.
You hit the worm.
The worm is severely wounded.
You barely miss the worm.
The worm is severely wounded.
The worm looks more healthy.
The worm bites you.
You hit the worm but do no damage.
The worm is severely wounded.
You hit the worm.
The worm is almost dead.
The worm barely misses you.
You hit the worm but do no damage.
The worm is almost dead.
The worm bites you!
You die...

#.# #.# # #.# .#
######### #.# .#
........########.###.##
.......#..............#
........#######...##....
........# #.....# #
.......## ##.@.##
.......# ##w## .......#
#.# ###.#### #.# #.#
##(## #.# ##...## ##.#
##..(..## ##<#.#
##...(...## #.###..
#.........#


You could see a worm.

Vanquished Creatures
  2 adders (D:2)
  A worm (D:3)
  An orc (D:3)
  6 ball pythons
  5 bats
  6 endoplasms
  3 giant cockroaches
  3 goblins (D:1)
  2 hobgoblins
  7 jackals (D:1)
  5 kobolds
  4 frilled lizards
  A rat (D:1)
46 creatures vanquished.

Vanquished Creatures (others)
  3 plants (D:1)
3 creatures vanquished.

Grand Total: 49 creatures vanquished

Notes
Turn   | Place    | Note
-------+----------+-------------------------------------------
     0 | D:1      | Snarg the Demigod Wanderer began the quest for the Orb.
     0 | D:1      | Snarg set off with the following items: a +0 club, a potion
                  | of attraction, a +0 chain mail; and the following spell
                  | memorised: Freeze; and the following spells available to
                  | memorise: Frozen Ramparts
     0 | D:1      | Reached XP level 1. HP: 14/14 MP: 4/4
   365 | D:1      | Reached skill level 4 in Armour
   449 | D:1      | Reached XP level 2. HP: 20/20 MP: 5/5
   487 | D:1      | HP: 1/20 [constriction (1)]
  1546 | D:1      | Reached XP level 3. HP: 27/27 MP: 7/7
  2352 | D:2      | Learned a level 3 spell: Frozen Ramparts
  2383 | D:2      | Noticed Sigmund
  3000 | D:3      | Reached skill level 1 in Fighting
  3723 | D:2      | Slain by a worm

Illustrated notes

Levels and vault maps discovered:
D:1:      sevenhm_arrival_forest_fort_large_4, layout_rooms,
          ebering_ecumenical_altar_mist, chequers_mini_garden,
          hangedman_decor_push, serial_bayou_pond_e, kennysheep_minor_cross
D:2:      layout_loops_corners, kennysheep_flooded_box, uniq_sigmund
D:3:      minmay_chambers_of_twos, layout_loops_ring,
          lemuel_coloured_pillars_altar

Skill      XL: |  1  2  3 |
---------------+----------+-----
Armour         | 4 |  4.2
Ice Magic      | 2 |  2.2
Fighting       | 1 |  1.1
Throwing       | |  1.7
Stealth        | |  1.0
Spellcasting   | |  1.4
Evocations     | |  1.0

Action                   || total
-------------------------++-------
Melee: Club              ||    27
       Dagger            ||   216
Throw: Stone             ||    62
       Dart              ||    14
  Use: Potion            ||     1
Armor: Chain mail        ||   132
       Ring mail         ||    27
Dodge: Dodged            ||   106

Table legend: (Time is in decaauts)
 A = Elapsed time spent in this place.
 B = Non-inter-level travel time spent in this place.
 C = Inter-level travel time spent in this place.
 D = Time resting spent in this place.
 E = Time spent auto-exploring this place.
 F = Levels seen in this place.
 G = Mean time per level.
                   A        B        C        D        E       F      G
               +--------+--------+--------+--------+--------+-----+--------+
         Total |   3733 |   3543 |    190 |   1154 |   1546 |   3 | 1244.3 |
       Dungeon |   3733 |   3543 |    190 |   1154 |   1546 |   3 | 1244.3 |
               +--------+--------+--------+--------+--------+-----+--------+

Top non-repeatable levels by time:
     D:1: 2037 daAuts
     D:2: 1112 daAuts
     D:3: 583 daAuts
